 Dungeon Crawl Stone Soup version 0.19-a0-722-g27ac516 (webtiles) character file.

337 Gagarin the Sneak (level 6, -1/46 HPs)
             Began as a Demonspawn Assassin on June 21, 2016.
             Was an Initiate of Dithmenos.
             Slain by a centaur zombie (4 damage)
             ... on level 5 of the Dungeon.
             The game lasted 00:13:53 (4396 turns).

Gagarin the Sneak (Demonspawn Assassin)             Turns: 4396, Time: 00:13:54

Health: -1/46      AC:  4    Str: 12    XL:     6   Next: 28%
Magic:  6/6        EV: 19    Int: 12    God:    Dithmenos [......]
Gold:   132        SH:  2    Dex: 16    Spells: 0 memorised, 5 levels left

rFire  . . .     SeeInvis .     q - +0 dagger (venom)
rCold  . . .     Gourm    .     c - +0 robe
rNeg   . . .     Faith    .     (no shield)
rPois  .         Spirit   .     (no helmet)
rElec  .         Dismiss  .     d - +0 cloak
rCorr  .         Reflect  +     (no gloves)
SustAt .         Harm     .     (no boots)
MR     .....                    m - +2 amulet of reflection
Stlth  +++.......               (no ring)
                                x - +5 ring of evasion

@: not resistant to hostile enchantments, fairly stealthy
A: talons 1, molten scales 1
a: Renounce Religion


You were on level 5 of the Dungeon.
You worshipped Dithmenos.
Dithmenos was noncommittal.
You were very hungry.

You visited 1 branch of the dungeon, and saw 5 of its levels.

You collected 132 gold pieces.

Inventory:

Hand Weapons
 a - a +2 dagger
 b - a +0 blowgun
 q - a +0 dagger of venom (weapon)
Missiles
 e - 46 poisoned needles
 f - 8 curare-tipped needles
Armour
 c - a +0 robe (worn)
 d - a +0 cloak (worn)
Jewellery
 m - a +2 amulet of reflection (around neck)
 x - a +5 ring of evasion (left hand)
 z - an uncursed amulet of dismissal {unknown}
Scrolls
 h - a scroll of fear
 k - 2 scrolls of identify
 n - 2 scrolls of immolation
 o - 2 scrolls of teleportation {unknown}
 p - 2 scrolls of amnesia {unknown}
 t - a scroll of enchant weapon {unknown}
 u - a scroll of random uselessness {unknown}
 y - a scroll of fog {unknown}
 B - a scroll of noise {unknown}
Potions
 i - 2 potions of curing {unknown}
 j - 2 potions of mutation {unknown}
 r - 2 potions of lignification {unknown}
 v - a potion of brilliance {unknown}
Comestibles
 g - 4 bread rations
 l - 2 meat rations
 s - 4 beef jerkies
 w - 12 fruits
 A - a royal jelly


   Skills:
 + Level 2.8 Fighting
 + Level 2.6 Short Blades
 + Level 2.4 Throwing
 + Level 3.2 Dodging
 + Level 5.3 Stealth


You had 5 spell levels left.
You didn't know any spells.

Dungeon Overview and Level Annotations

Branches:
Dungeon (5/15)
 Temple: D:4-7

Altars:
Dithmenos
Sif Muna
Trog


Innate Abilities, Weirdness & Mutations

You have sharp toenails.
You are partially covered in molten scales. (AC +1)


Message History

The centaur zombie is unaffected.
The ogre looks frightened!
The centaur zombie misses you.
The centaur zombie completely misses you.
Press: ? - help, v - describe, . - travel
Here: a howler monkey zombie The floor.
You block the centaur zombie's attack.
The ogre almost stumbles in trying to escape.
Found 7 gold pieces.
The centaur zombie barely misses you.
Found a bread ration.
The centaur zombie barely misses you.
The ogre seems to regain its courage.
The centaur zombie misses you. The centaur zombie barely misses you.
The centaur zombie barely misses you. The centaur zombie hits you.
* * * LOW HITPOINT WARNING * * *
Found a stone staircase leading up.
The centaur zombie hits you.
You die...

#....##.....
#.....#...%.
#.....+ ....
#..O..# .
#....## ..
#....##...
#.Z.......
#.Z.......
#.@.......
#...###...
#...# ...
#.... ..
#.....
#......
#..<....
#...[....


You could see an ogre, a centaur zombie and a howler monkey zombie.

Vanquished Creatures
  An ogre (D:4)
  A scorpion (D:4)
  A jelly (D:5)
  8 adders
  An adder skeleton (D:5)
  4 worms
  3 dart slugs
  2 giant geckos
  8 orcs
  3 giant cockroaches
  7 hobgoblins
  7 jackals
  10 kobolds
  4 quokkas
  A ball python (D:3)
  A ball python skeleton (D:4)
  A bat (D:2)
  A giant gecko skeleton (D:4)
  4 giant newts
  6 goblins
  A quokka skeleton (D:4)
  6 rats
81 creatures vanquished.

Notes
Turn   | Place    | Note
--------------------------------------------------------------
     0 | D:1      | Gagarin the Demonspawn Assassin began the quest for the Orb.
     0 | D:1      | Reached XP level 1. HP: 16/16 MP: 1/1
   127 | D:1      | Reached skill level 1 in Dodging
   127 | D:1      | Reached skill level 4 in Stealth
   137 | D:1      | Gained mutation: You have sharp toenails. [demonic ancestry]
   137 | D:1      | Reached XP level 2. HP: 11/22 MP: 2/2
   869 | D:2      | Gained mutation: You are partially covered in molten scales. (AC +1) [demonic ancestry]
   869 | D:2      | Reached XP level 3. HP: 19/27 MP: 3/3
   974 | D:2      | Found a deep blue altar of Sif Muna.
  1417 | D:2      | Reached XP level 4. HP: 33/33 MP: 4/4
  1532 | D:2      | Found a bloodstained altar of Trog.
  2453 | D:3      | Found a faded altar of an unknown god.
  3199 | D:4      | Reached XP level 5. HP: 39/39 MP: 5/5
  3436 | D:4      | Found a shadowy altar of Dithmenos.
  3444 | D:4      | Became a worshipper of Dithmenos the Shadowed
  3584 | D:4      | Reached skill level 5 in Stealth
  3742 | D:4      | Noticed an ogre
  3778 | D:4      | Killed an ogre
  3778 | D:4      | Reached XP level 6. HP: 13/46 MP: 6/6
  4300 | D:5      | Entered Level 5 of the Dungeon
  4393 | D:5      | HP: 2/46 [centaur zombie (4)]
  4396 | D:5      | Slain by a centaur zombie

Vault maps used:
D:1:      co_arrival_two_rings, minmay_misc_feat_alley
D:2:      old_standard_altar, lightli_temple_of_fire
D:3:      ecumenical_altar_1
D:4:      nicolae_dithmenos_the_darkroom
D:5:      tgw_xom, first_bread, minivault_24

Skill      XL: |  1  2  3  4  5 |
---------------+----------------+-----
Dodging        | 1 2 3 |  3.2
Stealth        | 4 5 |  5.3
Short Blades   | 2 |  2.6
Throwing       | 2 |  2.4
Fighting       | |  2.8

Action                   |  1- 3 |  4- 6 || total
-------------------------+-------+-------++-------
Melee: Dagger            |    96 |   247 ||   343
       Kick              |    10 |    64 ||    74
 Fire: Blowgun           |    14 |    19 ||    33
  Use: Scroll            |       |     3 ||     3
 Stab: Sleeping          |     5 |     8 ||    13
       Distracted        |     1 |       ||     1
  Eat: Chunk             |     2 |     8 ||    10
Armor: Robe              |    18 |    45 ||    63
Dodge: Dodged            |    50 |   170 ||   220
Block: Other             |       |    10 ||    10
